 Dungeon Crawl Stone Soup version 0.27-a0-760-gc38aae387d (webtiles) character file.

Game seed: 5037900086428485896

139 polve the Slasher (level 5, -8/41 HPs)
             Began as a Demonspawn Abyssal Knight on Mar 24, 2021.
             Was a Follower of Lugonu.
             Mangled by an ogre
             ... wielding a +0 giant spiked club
              (15 damage)
             ... on level 2 of the Dungeon.
             The game lasted 00:03:16 (3707 turns).

polve the Slasher (Demonspawn Abyssal Knight)       Turns: 3707, Time: 00:03:17

Health: -8/41      AC:  9    Str: 12    XL:     5   Next: 1%
Magic:  6/6        EV:  8    Int: 15    God:    Lugonu [*.....]
Gold:   93         SH:  0    Dex: 12    Spells: 4/4 levels left

rFire    . . .     SeeInvis .   a - +1 falchion
rCold    . . .     Faith    .   (no shield)
rNeg     . . .     Spirit   .   e - +0 scale mail
rPois    .         Reflect  .   (helmet restricted)
rElec    .         Harm     .   h - +0 cloak
rCorr    .         Rampage  .   j - +0 pair of gloves
Will     .....                  c - +0 pair of boots
Stlth    ..........             (no amulet)
HPRegen  0.13/turn              (no ring)
MPRegen  0.20/turn              (no ring)

@: no status effects
A: antennae 2, magic regeneration, demonic magic 1
a: Renounce Religion, Depart the Abyss


You were on level 2 of the Dungeon.
You worshipped Lugonu.
Lugonu was aware of your devotion.
You visited 1 branch of the dungeon, and saw 3 of its levels.
You visited the Abyss 1 time.

You collected 93 gold pieces.

Inventory:

Hand Weapons
 a - a +1 falchion (weapon)
Armour
 b - a +0 leather armour
 c - a +0 pair of boots (worn)
 e - a +0 scale mail (worn)
 h - a +0 cloak (worn)
 j - a +0 pair of gloves (worn)
Scrolls
 i - a scroll of identify {unknown}
 l - a scroll of vulnerability {unknown}
Potions
 d - a potion of curing
 f - a potion of berserk rage
 g - a potion of resistance {unknown}
 k - a potion of might {unknown}


   Skills:
 - Level 3.0 Fighting
 + Level 4.8 Long Blades
 - Level 1.7 Armour
 - Level 0.8 Dodging
 - Level 2.4 Invocations


You had 4 spell levels left.
You didn't know any spells.
Your spell library contained the following spells:

 Spells                   Type           Power      Damage    Failure   Level
 Corona                   Hex            0%         N/A       80%         1
 Magic Dart               Conj           0%         1d3       80%         1
 Blink                    Tloc           N/A        N/A       91%         2
 Call Imp                 Summ           0%         N/A       91%         2
 Ensorcelled Hibernation  Hex/Ice        0%         N/A       91%         2
 Slow                     Hex            0%         N/A       91%         2
 Conjure Flame            Conj/Fire      0%         6-21      99%         3
 Inner Flame              Hex/Fire       0%         N/A       99%         3
 Mephitic Cloud           Conj/Pois/Air  0%         N/A       99%         3
 Summon Ice Beast         Ice/Summ       0%         N/A       100%        4
 Discord                  Hex            0%         N/A       100%        8


Dungeon Overview and Level Annotations

Branches:
Dungeon (3/15)

Altars:
Nemelex Xobeh


Innate Abilities, Weirdness & Mutations

You have a pair of antennae on your head.
You regenerate magic rapidly.
Spells you cast may paralyse adjacent enemies.


Message History

The ogre hits you with a +0 giant spiked club!!
You hit the ogre.
The ogre is lightly wounded.
The ogre barely misses you.
You hit the ogre but do no damage.
The ogre is lightly wounded.
The ogre hits you but does no damage.
You hit the ogre but do no damage.
The ogre is lightly wounded.
The ogre hits you with a +0 giant spiked club!
There is a stone staircase leading up here.
The ogre barely misses you.
You riposte.
You hit the ogre.
The ogre is lightly wounded.
You hit the ogre.
The ogre is lightly wounded.
The ogre closely misses you.
You riposte.
Your scale mail prevents you from hitting the ogre.
The ogre is lightly wounded.
You slash the ogre!
The ogre is moderately wounded.
The ogre hits you with a +0 giant spiked club.
You hit the ogre.
The ogre is moderately wounded.
The ogre barely misses you.
You riposte.
You hit the ogre.
The ogre is heavily wounded.
You slash the ogre!
The ogre is severely wounded.
The ogre barely misses you.
You hit the ogre.
The ogre is almost dead.
The ogre hits you with a +0 giant spiked club!!
* * * LOW HITPOINT WARNING * * *
You hit the ogre but do no damage.
The ogre is almost dead.
The ogre barely misses you.
You riposte.
You barely miss the ogre.
The ogre is almost dead.
You hit the ogre but do no damage.
The ogre is almost dead.
The ogre hits you with a +0 giant spiked club!
You die...

.....)#>.........................
.....†#.##.#..<...#.##...........
......#.##.#......#.##...........
......#.##.#.###.##.##......#####
......#.##....##.##.##......# ###
####.##.##....##.##.##......# #..
#.##.##....##.##.######### #..
####.##.##....##O##.# #..
.....##.##....##@##.# ###
#######.##....##.##.####### #
........##.#.###.##.......# #
......####....##.########.######
......# #.......########.##...#
.)....# #....#####............#
......# #....# #............#
......# #....# #...........##
......# #....# #...........###


You could see an ogre.

Vanquished Creatures
  A hound (D:2)
  Crazy Yiuf (D:2)
  3 adders
  A white imp (D:2)
  2 worms (D:2)
  2 dart slugs (D:2)
  An orc (D:3)
  3 endoplasms
  A giant cockroach (D:3)
  2 hobgoblins (D:1)
  6 jackals (D:2)
  4 ball pythons (D:1)
  2 bats
  A frilled lizard (D:3)
  6 goblins
  4 rats
40 creatures vanquished.

Notes
Turn   | Place    | Note
-------+----------+-------------------------------------------
     0 | Abyss:1  | polve the Demonspawn Abyssal Knight began the quest for the
                  | Orb.
     0 | Abyss:1  | Reached XP level 1. HP: 18/18 MP: 2/2
    21 | Abyss:2  | Noticed a large abomination
    22 | D:1      | Escaped the Abyss
   169 | D:1      | Identified the Tome of Ensnaring Calling
   467 | D:1      | Reached skill level 2 in Long Blades
   784 | D:1      | Gained mutation: You regenerate magic rapidly. [demonic
                  | ancestry]
   784 | D:1      | Reached XP level 2. HP: 7/24 MP: 3/3
  1703 | D:2      | Reached skill level 3 in Long Blades
  1854 | D:2      | Gained mutation: You have a pair of small antennae on your
                  | head. [demonic ancestry]
  1854 | D:2      | Reached XP level 3. HP: 11/29 MP: 4/4
  2243 | D:2      | Reached * piety under Lugonu
  2339 | D:2      | Found a runed translucent door.
  2340 | D:2      | Noticed Crazy Yiuf
  2497 | D:2      | Reached skill level 4 in Long Blades
  2497 | D:2      | Gained mutation: Spells you cast may paralyse adjacent
                  | enemies. [demonic ancestry]
  2497 | D:2      | Reached XP level 4. HP: 25/35 MP: 5/5
  2974 | D:2      | Found a sparkling altar of Nemelex Xobeh.
  3254 | D:2      | Killed Crazy Yiuf
  3486 | D:3      | Gained mutation: You have a pair of antennae on your head.
                  | [demonic ancestry]
  3486 | D:3      | Reached XP level 5. HP: 41/41 MP: 6/6
  3493 | D:3      | Noticed an ogre
  3707 | D:2      | Mangled by an ogre

Illustrated notes

Levels and vault maps discovered:
D:1:      psy_arrival_statuary, layout_basic
D:2:      layout_basic, nemelex_lonely_heart_becter, uniq_crazy_yiuf_cottage
D:3:      layout_loops_cross

Skill      XL: |  1  2  3 |
---------------+----------+-----
Long Blades    | 2 3 4 |  4.8
Fighting       | |  3.0
Armour         | |  1.7
Dodging        | |  0.8
Invocations    | |  2.4

Action                   |  1- 3 |  4- 6 || total
-------------------------+-------+-------++-------
Melee: Falchion          |   127 |    50 ||   177
       Spear             |       |    15 ||    15
Invok: Depart the Abyss  |     1 |       ||     1
  Use: Potion            |       |     2 ||     2
Armor: Leather armour    |    25 |       ||    25
       Scale mail        |    33 |    31 ||    64
Dodge: Dodged            |    68 |    26 ||    94
       Rpst.: Falchion   |    22 |    10 ||    32

Table legend: (Time is in decaauts)
 A = Elapsed time spent in this place.
 B = Non-inter-level travel time spent in this place.
 C = Inter-level travel time spent in this place.
 D = Time resting spent in this place.
 E = Time spent auto-exploring this place.
 F = Levels seen in this place.
 G = Mean time per level.
                   A        B        C        D        E       F      G
               +--------+--------+--------+--------+--------+-----+--------+
         Total |   3739 |   3598 |    141 |      0 |   2980 |   5 |  747.8 |
       Dungeon |   3717 |   3576 |    141 |      0 |   2962 |   3 | 1239.0 |
         Abyss |     21 |     21 |      0 |      0 |     18 |   2 |   10.5 |
               +--------+--------+--------+--------+--------+-----+--------+

Top non-repeatable levels by time:
     D:2: 2028 daAuts
     D:1: 1600 daAuts
     D:3: 88 daAuts
 Abyss:2: 15 daAuts
 Abyss:1: 6 daAuts
